 Dungeon Crawl Stone Soup version 0.19-a0-1932-g59670f6 (webtiles) character file.

33 Larett the Skirmisher (level 3, 0/44 HPs)
             Began as an Ogre Fighter on Oct 26, 2016.
             Slain by an orc wizard
             ... wielding a +0 dagger
              (2 damage)
             ... on level 3 of the Dungeon.
             The game lasted 00:03:04 (1395 turns).

Larett the Skirmisher (Ogre Fighter)                Turns: 1395, Time: 00:03:05

Health: 0/44       AC:  3    Str: 21    XL:     3   Next: 29%
Magic:  3/3        EV:  8    Int:  7    God:
Gold:   108        SH:  8    Dex: 10    Spells: 0 memorised, 2 levels left

rFire  . . .     SeeInvis .     a - +0 war axe
rCold  . . .     Gourm    .     b - +0 robe
rNeg   . . .     Faith    .     c - +0 shield
rPois  .         Spirit   .     (helmet restricted)
rElec  .         Reflect  .     (no cloak)
rCorr  .         Harm     .     (gloves unavailable)
MR     .....                    (boots unavailable)
Stlth  +.........               (no amulet)
                                (no ring)
                                (no ring)

@: no status effects
A: unfitting armour, tough skin 1
a: no special abilities


You were on level 3 of the Dungeon.
You were not hungry.

You visited 1 branch of the dungeon, and saw 3 of its levels.

You collected 108 gold pieces.

Inventory:

Hand Weapons
 a - a +0 war axe (weapon)
Missiles
 g - 48 stones (quivered)
 s - 25 sling bullets
 v - 14 arrows
Armour
 b - a +0 robe (worn)
 c - a +0 shield (worn)
Scrolls
 e - 2 scrolls of noise {unknown}
 i - 2 scrolls of identify {unknown}
 k - a scroll of amnesia {unknown}
 o - a scroll of random uselessness {unknown}
 p - 2 scrolls of blinking {unknown}
 q - a scroll of immolation {unknown}
 r - a scroll of enchant armour {unknown}
 x - a scroll of remove curse {unknown}
Potions
 d - 2 potions of might
 h - a potion of lignification {unknown}
 m - a potion of ambrosia {unknown}
 n - 3 potions of haste {unknown}
 t - a potion of heal wounds {unknown}
 u - a potion of flight {unknown}
 w - a potion of brilliance {unknown}
Comestibles
 f - a bread ration
 j - 3 fruits
 l - 2 meat rations
 z - a slice of pizza


   Skills:
 + Level 5.7 Fighting
 - Level 1.3 Axes
 - Level 2.6 Dodging
 - Level 2.6 Shields


You had 2 spell levels left.
You didn't know any spells.

Dungeon Overview and Level Annotations

Branches:
Dungeon (3/15)

Altars:


Innate Abilities, Weirdness & Mutations

You are too large for most types of armour.
You have tough skin. (AC +1)


Message History

The orc priest is heavily wounded.
The orc wizard mumbles some strange words.
The orc wizard blinks!
You block the orc priest's attack. x2
Your shield prevents you from hitting the orc priest.
The orc priest is heavily wounded.
The orc priest hits you with a dagger.
* * * LOW HITPOINT WARNING * * *
You barely miss the orc priest.
The orc priest is heavily wounded.
The orc priest hits you but does no damage.
The orc priest mumbles some strange prayers to Beogh against you.
Beogh smites you!
* * * LOW HITPOINT WARNING * * *
You closely miss the orc priest.
The orc priest is heavily wounded.
The orc wizard mumbles some strange words.
The orc wizard blinks!
The orc wizard barely misses you.
The orc priest hits you but does no damage.
The orc wizard hits you with a dagger.
You die...

#.####.#.##########.##
#.#....#.# #.##
#.#[####.# #.# #.#.#
#.# #.# #.#.# #.# #.#
#.#.####.# #.#
#.#......# #.#
#.########### #.#
#...oOo{o.(.. ..#
############# ###


You could see an orc priest, an orc wizard and an orc.

Vanquished Creatures
  A worm (D:3)
  2 leopard geckos (D:2)
  An orc (D:3)
  5 bats
  3 goblins (D:1)
  4 hobgoblins
  5 kobolds
  A quokka (D:2)
  A ball python (D:1)
  4 rats
27 creatures vanquished.

Notes
Turn   | Place    | Note
-------+----------+-------------------------------------------
     0 | D:1      | Larett the Ogre Fighter began the quest for the Orb.
     0 | D:1      | Reached XP level 1. HP: 24/24 MP: 1/1
   142 | D:1      | Reached XP level 2. HP: 30/33 MP: 2/2
   477 | D:1      | Reached skill level 5 in Fighting
   748 | D:2      | Reached XP level 3. HP: 30/42 MP: 3/3
  1394 | D:3      | HP: 1/44 [orc priest/divine providence (14)]
  1395 | D:3      | Slain by an orc wizard

Vault maps used:
D:1:      minmay_arrival_semitransparent, hangedman_glass_teeth

Skill      XL: |  1  2 |
---------------+-------+-----
Fighting       | 5 |  5.7
Axes           | |  1.3
Dodging        | |  2.6
Shields        | |  2.6

Action                   || total
-------------------------++-------
Melee: War axe           ||   102
  Eat: Chunk             ||     2
Armor: Robe              ||    43
Dodge: Dodged            ||    48
Block: Shield            ||    59
